 Dungeon Crawl Stone Soup version 0.32-a0-607-g64ea0e4219 (webtiles) character file.

Game seed: 17386472816071606772

35908 sleeves the Severer (level 13, -3/141 HPs)
             Began as a Mountain Dwarf Berserker on Mar 4, 2024.
             Was a High Priest of Trog.
             Slain by a death yak (5 damage)
             ... on level 2 of the Lair of Beasts.
             The game lasted 00:33:06 (17219 turns).

sleeves the Severer (Mountain Dwarf Berserker)     Turns: 17219, Time: 00:33:06

Health: -3/141     AC: 18    Str: 23    XL:     13   Next: 50%
Magic:  13/13      EV: 10    Int:  8    God:    Trog [*****.]
Gold:   1020       SH:  0    Dex: 11    Spells: 12/12 levels left

rFire   x . .        a - +9 battleaxe of the Eternal Void {god gift, flame, rPois}
rCold   + + +        (shield currently unavailable)
rNeg    . . .        c - +2 scale mail {rC+}
rPois   +            q - +0 helmet
rElec   .            y - +0 cloak
rCorr   .            r - +0 pair of gloves
SInv    +            o - +2 pair of boots
Will    +....        (no amulet) Stlth
                     l - ring of protection from cold
HPRegen 0.43/turn    H - ring of Netoet {Ice SInv}
MPRegen 0.13/turn

%: no passive effects
@: berserking (expiring), very quick
A: runic magic, artefact enchanting
a: Renounce Religion, Berserk, Trog's Hand, Brothers in Arms


You were on level 2 of the Lair of Beasts.
You worshipped Trog.
Trog was extremely pleased with you.
You visited 2 branches of the dungeon, and saw 15 of its levels.
You also visited: Bailey and Ice Cave.

You collected 1130 gold pieces.
You spent 110 gold pieces at shops.

Inventory:

Hand Weapons
 a - the +9 battleaxe of the Eternal Void (weapon) {god gift, flame, rPois}
   (Trog gifted it to you on level 1 of the Lair of Beasts)

   rPois:     It protects you from poison.
 b - the +10 orcbow of the Nexus {heavy, Str+4}
   (You found it on level 5 of the Dungeon)

   Str+4:     It affects your strength (+4).
 k - a +3 scimitar of flaming
   (You took it off Erica on level 1 of the Lair of Beasts)
 P - a +4 war axe
   (You took it off a wight on level 8 of the Dungeon)
Missiles
 A - 12 poisoned darts (quivered)
 U - a throwing net
Armour
 c - a +2 scale mail of cold resistance (worn)
   (You found it in an ice cave)
 m - a +0 chain mail of fire resistance
   (You found it on level 2 of the Dungeon)
 o - a +2 pair of boots (worn)
   (You found it in an ice cave)
 q - a +0 helmet (worn)
   (You took it off Robin on level 3 of the Dungeon)
 r - a +0 pair of gloves (worn)
   (You found it on level 3 of the Dungeon)
 y - a +0 cloak (worn)
   (You found it on level 4 of the Dungeon)
 Q - a +2 buckler of protection
   (You found it in a bailey)
 R - the +3 salamander hide armour {Flames, rFlCloud rF++ rC--}
   (You found it in a bailey)

   Flames:    It surrounds you with flame clouds and enhances your fire magic.
   rFlCloud:  It grants immunity to flame clouds.
   rF++:      It greatly protects you from fire.
   rC--:      It makes you very vulnerable to cold.
Jewellery
 g - an amulet of faith
   (You took it off Erica on level 1 of the Lair of Beasts)
 l - a ring of protection from cold (left hand)
   (You found it on level 4 of the Dungeon)
 H - the ring of Netoet (right hand) {Ice SInv}
   (You found it on level 6 of the Dungeon)

   [ring of ice]

   Ice:       It enhances your ice magic.
   rF-:       It makes you vulnerable to fire.
   rC+:       It protects you from cold.
   SInv:      It lets you see invisible.
 N - a +6 ring of strength
   (You found it on level 7 of the Dungeon)
 Z - the ring of Lust {Fire Will++}
   (You found it on level 12 of the Dungeon)

   [ring of fire]

   Fire:      It enhances your fire magic.
   rF+:       It protects you from fire.
   rC-:       It makes you vulnerable to cold.
   Will++:    It greatly increases your willpower.
Wands
 p - a wand of charming (8)
   (You found it on level 2 of the Dungeon)
 u - a wand of digging (14)
   (You found it on level 3 of the Dungeon)
 x - a wand of roots (10)
   (You took it off a gnoll on level 9 of the Dungeon)
 O - a wand of polymorph (12)
   (You found it on level 8 of the Dungeon)
 S - a wand of flame (2)
   (You found it on level 10 of the Dungeon)
 V - a wand of mindburst (8)
   (You found it on level 1 of the Lair of Beasts)
 Y - a wand of acid (4)
   (You found it on level 12 of the Dungeon)
Scrolls
 h - 9 scrolls of teleportation
 i - a scroll of fear
 j - a scroll of poison {unknown}
 t - 3 scrolls of enchant weapon
 v - 4 scrolls of enchant armour {unknown}
 C - a scroll of acquirement {unknown}
 E - 2 scrolls of revelation {unknown}
 F - 3 scrolls of brand weapon {unknown}
 I - a scroll of butterflies {unknown}
 J - 2 scrolls of silence {unknown}
 L - 3 scrolls of noise {unknown}
 M - a scroll of identify
Potions
 d - a potion of berserk rage {unknown}
 e - 3 potions of might {unknown}
 f - 4 potions of curing
 n - a potion of attraction {unknown}
 s - 2 potions of ambrosia {unknown}
 w - a potion of mutation {unknown}
 z - 3 potions of cancellation {unknown}
 B - 6 potions of lignification
 D - 7 potions of heal wounds
 G - 2 potions of invisibility {unknown}
 K - a potion of magic {unknown}
 T - 2 potions of enlightenment {unknown}
 W - 2 potions of resistance {unknown}
 X - 2 potions of haste {unknown}


   Skills:
 - Level 3.2 Fighting
 - Level 16.0 Axes
 + Level 14.5 Ranged Weapons
 - Level 10.0 Armour
 - Level 1.3 Dodging


You had 12 spell levels left.
You didn't know any spells.
Your spell library was empty.

Dungeon Overview and Level Annotations

Branches:
Dungeon (13/15)            Temple (0/1) D:4            Lair (2/5) D:9
    Orc (0/2) D:9          Vaults (0/5) D:13         Bailey (visited)
  IceCv (visited)
  Swamp: Lair:2-3    Shoals: Lair:2-3     Snake: Lair:2-3    Spider: Lair:2-3

Altars:
Dithmenos
Hepliaklqana
Nemelex Xobeh
Qazlal
Sif Muna
Beogh

Shops:
D:7 *   D:8 !   D:11 :

Portals:
Trove: D:13 (give 14 potions of curing)

Annotations:
D:9 1 runed translucent door, Scrunko's ghost, novice CoBr
D:11 3 runed translucent doors, Uczu's ghost, novice NaFi; backslashecho's ghost, journeyman CoBe; ezpacito's ghost, journeyman CoCK; growler's ghost, journeyman CoAr
Lair:2 2 transporters, exclusion: oklob plant, gribnar's ghost, journeyman CoHu


Innate Abilities, Weirdness & Mutations

Your spellcasting is much less encumbered by armour.
You can use scrolls of enchantment on lesser artefacts.


Message History

The harpy simulacrum is severely damaged.
The harpy simulacrum completely misses you.
The harpy simulacrum claws you. The harpy simulacrum freezes you. You resist.
The harpy simulacrum claws you but does no damage.
The harpy simulacrum barely misses you.
You slash the harpy simulacrum!
You melt the harpy simulacrum.
The harpy simulacrum vaporises!
Trog accepts your kill.
You slash the ice devil! You burn the ice devil.
The ice devil is moderately wounded.
You hit the ice devil but do no damage.
The ice devil is moderately wounded.
The ice devil hits you. The ice devil freezes you. You resist.
The anaconda simulacrum grabs you. The anaconda simulacrum bites you.
The anaconda simulacrum freezes you. You resist.
The anaconda simulacrum constricts you.
You barely miss the anaconda simulacrum.
You slash the ice devil! You burn the ice devil!
The anaconda simulacrum bites you but does no damage.
The anaconda simulacrum constricts you.
The ice devil hits you but does no damage.
You slice the anaconda simulacrum!!
You melt the anaconda simulacrum!
The anaconda simulacrum is almost destroyed.
You slice the ice devil!! You burn the ice devil.
You kill the ice devil!
Trog accepts your kill.
The anaconda simulacrum bites you but does no damage.
The anaconda simulacrum constricts you.
You slice the anaconda simulacrum!!
You melt the anaconda simulacrum.
The anaconda simulacrum vaporises!
Trog accepts your kill.
You slice the elephant simulacrum!!
You melt the elephant simulacrum!
The elephant simulacrum vaporises!
Trog accepts your kill.
You hit the polar bear simulacrum.
You melt the polar bear simulacrum.
The polar bear simulacrum is moderately damaged.
You slash the polar bear simulacrum!
You melt the polar bear simulacrum.
The polar bear simulacrum vaporises!
Trog accepts your kill.
No target in view!
You start resting.
HP restored.
The +9 battleaxe of the Eternal Void {god gift, flame, rPois} stops flaming.
You feel stronger.
b - the +10 orcbow of the Nexus (weapon)
{heavy, Str+4}
There is an ancient bone altar of Kikubaaqudgha here.
You open the door.
Found a book of Ice.
There is an open door here.
You see here a staff of air.
You see here a +1 trident of freezing.
There is an open door here.
A cane toad simulacrum and an ice statue come into view.
The ice statue gestures at you.
The bolt of cold hits you but does no damage.
You resist.
Marking area around an ice statue as unsafe for travelling.
You shoot an arrow. The arrow hits the ice statue!
The ice statue is lightly damaged.
The ice statue gestures.
Unknown command.
The +9 battleaxe of the Eternal Void {god gift, flame, rPois} bursts into flame!
a - the +9 battleaxe of the Eternal Void (weapon)
{god gift, flame, rPois} The ice beast hits you but does no damage.
You slash the ice beast!
You melt the ice beast.
The ice beast is severely wounded.
The ice beast barely misses you.
You slash the ice beast!
You melt the ice beast.
You kill the ice beast!
The ice beast disappears in a puff of smoke!
The cane toad simulacrum closely misses you.
You slash the cane toad simulacrum!
You melt the cane toad simulacrum!
The cane toad simulacrum vaporises!
Trog accepts your kill.
The +9 battleaxe of the Eternal Void {god gift, flame, rPois} stops flaming.
You feel stronger.
b - the +10 orcbow of the Nexus (weapon)
{heavy, Str+4} You start waiting.
Done waiting.
The ice statue gestures at you. The bolt of cold misses you.
You shoot an arrow. The arrow hits the ice statue!!
The ice statue is moderately damaged.
A death yak simulacrum comes into view.
The ice statue gestures at you. The shard of ice misses you.
You shoot an arrow.
The arrow hits the ice statue but does no damage.
The ice statue is moderately damaged.
You shoot an arrow.
The arrow hits the ice statue but does no damage.
The ice statue is moderately damaged.
The ice statue gestures.
You shoot an arrow.
The arrow hits the ice statue but does no damage.
The ice statue is moderately damaged.
The +9 battleaxe of the Eternal Void {god gift, flame, rPois} bursts into flame!
a - the +9 battleaxe of the Eternal Void (weapon)
{god gift, flame, rPois} You barely miss the ice beast.
The ice beast barely misses you.
You hit the ice beast.
You melt the ice beast.
The ice beast is moderately wounded.
The ice beast barely misses you.
You hit the ice beast.
You melt the ice beast.
The ice beast is heavily wounded.
The ice beast hits you but does no damage.
You slice the ice beast!!
You melt the ice beast!
You kill the ice beast!
The ice beast disappears in a puff of smoke!
You slice the death yak simulacrum!!
You melt the death yak simulacrum!
The death yak simulacrum is almost destroyed.
The death yak simulacrum gores you! The death yak simulacrum freezes you.
You resist.
You slash the death yak simulacrum!
You melt the death yak simulacrum.
The death yak simulacrum vaporises!
Trog accepts your kill.
No target in view!
You start resting.
HP restored.
The +9 battleaxe of the Eternal Void {god gift, flame, rPois} stops flaming.
You feel stronger.
b - the +10 orcbow of the Nexus (weapon)
{heavy, Str+4} A wolf simulacrum comes into view.
You shoot an arrow.
The arrow closely misses the wolf simulacrum.
The wolf simulacrum bites you. The wolf simulacrum freezes you. You resist.
You shoot an arrow. The arrow hits the wolf simulacrum!!
The wolf simulacrum vaporises!
Trog accepts your kill.
Fire: b) +10 orcbow of the Nexus {heavy, Str+4}
Press: ? - help, Q - select action, (/) - cycle Shift-Dir - straight line, f - ice statue
Aim: an ice statue (lightly damaged, 94% to hit)
You shoot an arrow. The arrow hits the ice statue!!
The ice statue is heavily damaged.
The ice statue gestures.
Fire: b) +10 orcbow of the Nexus {heavy, Str+4}
Press: ? - help, Q - select action, (/) - cycle Shift-Dir - straight line, f/p - ice statue
Aim: an ice statue (heavily damaged, 94% to hit)
You shoot an arrow.
The arrow hits the ice statue but does no damage.
The ice statue is heavily damaged.
Fire: b) +10 orcbow of the Nexus {heavy, Str+4}
Press: ? - help, Q - select action, (/) - cycle Shift-Dir - straight line, p - ice statue
Okay, then.
Fire: b) +10 orcbow of the Nexus {heavy, Str+4}
Press: ? - help, Q - select action, (/) - cycle Shift-Dir - straight line, f/p - ice statue
Aim: an ice statue (heavily damaged, 94% to hit)
You shoot an arrow. The arrow hits the ice statue.
The ice statue is heavily damaged.
The ice statue gestures at you. The shard of ice hits you!
You partially resist.
The ice beast sets off the alarm!
The alarm trap emits a blaring wail!
A sentinel's mark forms upon you.
Fire: b) +10 orcbow of the Nexus {heavy, Str+4}
Press: ? - help, Q - select action, (/) - cycle Shift-Dir - straight line, f/p - ice statue
Aim: an ice statue (heavily damaged, 94% to hit)
You shoot an arrow. The arrow hits the ice statue.
The ice statue is heavily damaged.
The ice statue gestures at you. The shard of ice hits you!
You partially resist.
A death yak simulacrum comes into view.
The ice statue gestures at you. The bolt of cold hits you. You resist.
The ice beast misses you.
The death yak simulacrum moves out of view.
Fire: b) +10 orcbow of the Nexus {heavy, Str+4}
Press: ? - help, Q - select action, (/) - cycle Shift-Dir - straight line, f/p - ice statue
Aim: an ice statue (heavily damaged, 94% to hit)
You shoot an arrow. The arrow hits the ice statue!
The ice statue is severely damaged.
The ice statue gestures.
The ice beast misses you.
The ice beast attacks as it pursues you!
The ice beast hits you. The ice beast freezes you. You resist.
The ice beast attacks as it pursues you!
The ice beast hits you but does no damage.
The +9 battleaxe of the Eternal Void {god gift, flame, rPois} bursts into flame!
a - the +9 battleaxe of the Eternal Void (weapon)
{god gift, flame, rPois} The ice beast hits you but does no damage.
You slash the ice beast!
You melt the ice beast.
The ice beast is moderately wounded.
You slash the ice beast!
You melt the ice beast.
The ice beast is severely wounded.
The ice beast hits you but does no damage.
You hit the ice beast but do no damage.
The ice beast is severely wounded.
The ice beast hits you but does no damage.
You slash the ice beast!
You melt the ice beast.
The ice beast is almost dead.
The ice beast barely misses you.
An ice devil comes into view.
The ice beast attacks as it pursues you!
The ice beast hits you but does no damage.
The ice devil moves out of view.
A freezing wraith comes into view.
The ice beast attacks as it pursues you!
The ice beast barely misses you.
A necromancer comes into view. It is wielding a +0 dagger.
The ice beast attacks as it pursues you!
The ice beast misses you.
The ice beast attacks as it pursues you!
The ice beast barely misses you.
The ice beast attacks as it pursues you!
The ice beast hits you but does no damage.
The ice beast attacks as it pursues you!
The ice beast hits you but does no damage.
The ice beast attacks as it pursues you!
The ice beast hits you but does no damage.
The sentinel's mark upon you fades away.
An ice beast is nearby!
The ice beast attacks as it pursues you!
The ice beast closely misses you.
The necromancer mumbles some strange words.
The necromancer binds the souls of nearby monsters.
You barely miss the ice beast.
The ice beast is almost dead.
You slash the ice beast!
You melt the ice beast.
You kill the ice beast!
The ice beast disappears in a puff of smoke!
You slice the ice beast!!
You melt the ice beast!
You kill the ice beast!
The ice beast disappears in a puff of smoke!
You barely miss the ice devil.
The ice devil hits you but does no damage.
You barely miss the ice devil. The ice devil barely misses you.
You slash the ice devil! You burn the ice devil.
The ice devil is moderately wounded.
The ice devil hits you but does no damage.
You slash the ice devil! You burn the ice devil.
The ice devil is almost dead.
The ice devil hits you. The ice devil freezes you. You resist.
You closely miss the ice devil.
The ice devil is almost dead.
The ice devil closely misses you.
You slice the ice devil!! You burn the ice devil.
You kill the ice devil!
Trog accepts your kill.
The necromancer casts a spell.
The necromancer binds the souls of nearby monsters.
The necromancer closely misses you.
You barely miss the necromancer.
The necromancer hits you but does no damage.
You miss the necromancer.
The necromancer points at you and mumbles some strange words.
Your body is wracked with pain!
* * * LOW HITPOINT WARNING * * *
You are too injured to fight recklessly!
You are too injured to fight recklessly!
You completely miss the necromancer. You slice the necromancer!!
You burn the necromancer.
The necromancer is heavily wounded.
The necromancer hits you with a +0 dagger.
* * * LOW HITPOINT WARNING * * *
You closely miss the necromancer.
The necromancer is heavily wounded.
The necromancer hits you but does no damage.
You slash the necromancer! You burn the necromancer.
The necromancer is severely wounded.
The necromancer hits you with a +0 dagger.
* * * LOW HITPOINT WARNING * * *
You slash the necromancer! You burn the necromancer.
You kill the necromancer!
Trog accepts your kill.
Trog appreciates your killing of a magic user.
You start resting.
HP restored.
The +9 battleaxe of the Eternal Void {god gift, flame, rPois} stops flaming.
You feel stronger.
b - the +10 orcbow of the Nexus (weapon)
{heavy, Str+4} Partly explored, can't reach some places.
Partly explored, can't reach some places.
Partly explored, can't reach some places.
Partly explored, can't reach some places.
A death yak simulacrum is nearby!
You shoot an arrow.
The arrow hits the death yak simulacrum!
The death yak simulacrum is moderately damaged.
You shoot an arrow.
The arrow hits the death yak simulacrum.
The death yak simulacrum is heavily damaged.
You shoot an arrow.
The arrow hits the death yak simulacrum!!
The death yak simulacrum is almost destroyed.
The death yak simulacrum gores you but does no damage.
You shoot an arrow.
The arrow hits the death yak simulacrum!
The death yak simulacrum vaporises!
Trog accepts your kill.
An ice devil comes into view.
You shoot an arrow. The arrow hits the ice devil!!
The ice devil is heavily wounded.
You shoot an arrow. The arrow hits the ice devil!
The ice devil is severely wounded.
You shoot an arrow. The arrow hits the ice devil!
The ice devil is almost dead.
You shoot an arrow. The arrow hits the ice devil!!!
You kill the ice devil!
Trog accepts your kill.
A freezing wraith is nearby!
You shoot an arrow.
The arrow closely misses the freezing wraith.
You shoot an arrow. The arrow hits the freezing wraith!
The freezing wraith is moderately damaged.
You shoot an arrow. The arrow hits the freezing wraith!
The freezing wraith is heavily damaged.
You shoot an arrow. The arrow hits the freezing wraith.
The freezing wraith is severely damaged.
You shoot an arrow. The arrow hits the freezing wraith!
The freezing wraith is almost destroyed.
The freezing wraith hits you but does no damage.
The freezing wraith closely misses you.
You shoot an arrow. The arrow hits the freezing wraith!
You destroy the freezing wraith!
Trog accepts your kill.
A cane toad simulacrum comes into view.
The cane toad simulacrum moves out of view.
A cane toad simulacrum is nearby!
You shoot an arrow.
The arrow hits the cane toad simulacrum!
The cane toad simulacrum is moderately damaged.
You shoot an arrow.
The arrow hits the cane toad simulacrum!!
The cane toad simulacrum vaporises!
Trog accepts your kill.
You shoot an arrow. The arrow hits the ice statue.
The ice statue is lightly damaged.
The ice statue gestures.
You shoot an arrow. The arrow hits the ice beast!!
You kill the ice beast!
The ice beast disappears in a puff of smoke!
The ice statue gestures at you. The bolt of cold hits you. You resist.
You shoot an arrow.
The arrow hits the ice statue but does no damage.
The ice statue is lightly damaged.
You shoot an arrow. The arrow hits the ice statue!
The ice statue is lightly damaged.
The ice statue gestures at you. The freezing blast misses you.
You shoot an arrow. The arrow hits the ice statue.
The ice statue is moderately damaged.
You are engulfed in freezing vapours.
You resist.
The ice statue gestures.
You shoot an arrow. The arrow hits the ice statue.
The ice statue is moderately damaged.
You are engulfed in freezing vapours.
You resist.
The ice statue gestures.
You shoot an arrow. The arrow hits the ice beast!!
The ice beast is almost dead.
You are engulfed in freezing vapours.
You resist.
You shoot an arrow. The arrow hits the ice beast!
You kill the ice beast!
The ice beast disappears in a puff of smoke!
You are engulfed in freezing vapours.
You resist.
The ice beast hits you but does no damage.
You shoot an arrow. The arrow hits the ice beast!!
You kill the ice beast!
The ice beast disappears in a puff of smoke!
You are engulfed in freezing vapours.
You resist.
The ice statue gestures. x2
You shoot an arrow. The arrow hits the ice beast.
The ice beast is lightly wounded.
Fire: b) +10 orcbow of the Nexus {heavy, Str+4}
Press: ? - help, Q - select action, (/) - cycle Shift-Dir - straight line, f - ice statue, p - ice beast
Aim: an ice statue (moderately damaged, 94% to hit)
You shoot an arrow. The arrow hits the ice statue!
The ice statue is heavily damaged.
The ice statue gestures at you.
The freezing blast engulfs the ice beast.
The ice beast completely resists.
Fire: b) +10 orcbow of the Nexus {heavy, Str+4}
Press: ? - help, Q - select action, (/) - cycle Shift-Dir - straight line, f/p - ice statue
Aim: an ice statue (heavily damaged, 94% to hit)
You shoot an arrow. The arrow closely misses the ice beast.
The arrow hits the ice statue!
The ice statue is severely damaged.
You are engulfed in freezing vapours.
You resist.
The ice statue gestures.
The ice beast hits you but does no damage. x2
Fire: b) +10 orcbow of the Nexus {heavy, Str+4}
Press: ? - help, Q - select action, (/) - cycle Shift-Dir - straight line, f/p - ice statue
Aim: an ice statue (heavily damaged, 94% to hit)
You shoot an arrow. The arrow hits the ice beast!
The ice beast is heavily wounded.
You are engulfed in freezing vapours.
You resist.
The ice beast hits you but does no damage. x2
Fire: b) +10 orcbow of the Nexus {heavy, Str+4}
Press: ? - help, Q - select action, (/) - cycle Shift-Dir - straight line, f/p - ice statue
Aim: an ice statue (heavily damaged, 94% to hit)
You shoot an arrow. The arrow hits the ice beast.
The ice beast is severely wounded.
You are engulfed in freezing vapours.
You resist. The ice beast barely misses you.
The ice beast hits you but does no damage.
The ice statue gestures at you.
The bolt of cold hits the ice beast.
The ice beast completely resists.
The bolt of cold hits the ice beast.
The ice beast completely resists.
The bolt of cold misses you.
Fire: b) +10 orcbow of the Nexus {heavy, Str+4}
Press: ? - help, Q - select action, (/) - cycle Shift-Dir - straight line, f/p - ice statue
Aim: an ice statue (heavily damaged, 94% to hit)
You shoot an arrow. The arrow hits the ice beast.
The ice beast is almost dead.
The ice beast hits you but does no damage.
The ice beast hits you. The ice beast freezes you. You resist.
The ice statue gestures at you.
The bolt of cold hits the ice beast.
The ice beast completely resists.
The bolt of cold misses you.
The ice beast hits you but does no damage. x2
Fire: b) +10 orcbow of the Nexus {heavy, Str+4}
Press: ? - help, Q - select action, (/) - cycle Shift-Dir - straight line, f/p - ice statue
Aim: an ice statue (heavily damaged, 94% to hit)
You shoot an arrow. The arrow hits the ice beast!!
You kill the ice beast!
The ice beast disappears in a puff of smoke!
The ice beast hits you but does no damage.
Fire: b) +10 orcbow of the Nexus {heavy, Str+4}
Press: ? - help, Q - select action, (/) - cycle Shift-Dir - straight line, f/p - ice statue
Aim: an ice statue (heavily damaged, 94% to hit)
You shoot an arrow. The arrow hits the ice beast!
The ice beast is heavily wounded.
The ice beast barely misses you.
The ice beast hits you but does no damage.
Fire: b) +10 orcbow of the Nexus {heavy, Str+4}
Press: ? - help, Q - select action, (/) - cycle Shift-Dir - straight line, f/p - ice statue
Aim: an ice statue (heavily damaged, 94% to hit)
You shoot an arrow.
The arrow completely misses the ice beast.
The arrow hits the ice statue but does no damage.
The ice statue is heavily damaged.
The ice beast hits you but does no damage.
The ice beast barely misses you. The ice statue gestures at you.
The freezing blast engulfs the ice beast.
The ice beast completely resists.
The ice beast hits you but does no damage. x2
Fire: b) +10 orcbow of the Nexus {heavy, Str+4}
Press: ? - help, Q - select action, (/) - cycle Shift-Dir - straight line, f/p - ice statue
Aim: an ice statue (heavily damaged, 94% to hit)
You shoot an arrow. The arrow hits the ice beast!!
You kill the ice beast!
The ice beast disappears in a puff of smoke!
You are engulfed in freezing vapours.
You resist.
The ice beast hits you but does no damage.
Fire: b) +10 orcbow of the Nexus {heavy, Str+4}
Press: ? - help, Q - select action, (/) - cycle Shift-Dir - straight line, f/p - ice statue
Aim: an ice statue (heavily damaged, 94% to hit)
You shoot an arrow. The arrow barely misses the ice statue.
You are engulfed in freezing vapours.
You resist. The ice beast completely misses you.
Fire: b) +10 orcbow of the Nexus {heavy, Str+4}
Press: ? - help, Q - select action, (/) - cycle Shift-Dir - straight line, f/p - ice statue
Aim: an ice statue (heavily damaged, 94% to hit)
You shoot an arrow. The arrow hits the ice statue!!
The ice statue is almost destroyed.
You are engulfed in freezing vapours.
You resist. The ice beast barely misses you.
The ice statue gestures.
The ice beast hits you but does no damage.
The ice statue gestures.
Fire: b) +10 orcbow of the Nexus {heavy, Str+4}
Press: ? - help, Q - select action, (/) - cycle Shift-Dir - straight line, f/p - ice statue
Aim: an ice statue (almost destroyed, 94% to hit)
You shoot an arrow. The arrow hits the ice statue!
The ice statue is almost destroyed.
The ice beast closely misses you. The ice statue gestures at you.
The freezing blast engulfs you. You resist.
Fire: b) +10 orcbow of the Nexus {heavy, Str+4}
Press: ? - help, Q - select action, (/) - cycle Shift-Dir - straight line, f/p - ice statue
Aim: an ice statue (almost destroyed, 94% to hit)
You shoot an arrow. The arrow hits the ice statue!
You destroy the ice statue!
Trog accepts your kill.
The ice beast disappears in a puff of smoke!
The ice beast disappears in a puff of smoke!
You are engulfed in freezing vapours.
You resist.
You are engulfed in freezing vapours.
You resist.
You are engulfed in freezing vapours.
You resist.
You start resting.
HP restored.
Found 57 gold pieces, a silvery potion, 6 stones and a battleaxe of freezing.
You now have 938 gold pieces (gained 10).
G - 2 silvery potions (gained 1)
You now have 972 gold pieces (gained 34).
You see here 6 stones.
You now have 985 gold pieces (gained 13).
You see here a +1 battleaxe of freezing.
You see here 6 stones.
As you open the door, it creaks loudly!
Found a knobbly glowing staff.
There is an open door here.
You see here a staff of death.
There is a fountain of blood, spattered with blood here.
You see here a staff of death.
There is an open door here.
Done exploring.
Done exploring.
Done exploring.
There is an ice choked empty arch of ancient stone here.
There is an ice covered gate leading back out of this place here.
Welcome back to the Lair of Beasts!
There is a collapsed entrance here.
B - 6 potions of lignification (gained 1)
You now have 1004 gold pieces (gained 19).
You open the door.
There is an open door here.
You open the door.
There is an open door here.
You open the door.
A wolf is nearby!
A wolf is nearby!
A wolf is nearby!
You shoot an arrow. The arrow hits the wolf!
The wolf is heavily wounded.
You shoot an arrow. The arrow misses the wolf.
You shoot an arrow. The arrow barely misses the wolf.
The wolf bites you.
You shoot an arrow. The arrow hits the wolf!
The wolf is severely wounded.
The wolf bites you but does no damage. x2
You shoot an arrow. The arrow closely misses the wolf.
The wolf bites you but does no damage. x2
You shoot an arrow. The arrow hits the wolf!!
You kill the wolf!
Trog accepts your kill. Trog grants you a weapon!
Something appears at your feet!
You see here a +7 heavy executioner's axe {god gift}.
There is an open door here.
A wolf comes into view.
A wolf is nearby!
A wolf is nearby!
You shoot an arrow. The wolf howls!
The arrow hits the wolf!
The wolf is moderately wounded.
No target in view!
No target in view!
No target in view!
No target in view!
You shoot an arrow. The arrow hits the wolf!
The wolf is almost dead.
The wolf bites you but does no damage.
You shoot an arrow. The arrow hits the wolf.
You kill the wolf!
Trog accepts your kill.
No target in view!
You now have 1020 gold pieces (gained 16).
You have identified the last wand.
M - a scroll of identify
V - a wand of mindburst (8)
A cane toad comes into view.
The cane toad croaks.
You shoot an arrow. The arrow hits the cane toad!!
The cane toad is severely wounded.
You shoot an arrow. The arrow hits the cane toad!!
You kill the cane toad!
Trog accepts your kill.
You see here a cane toad corpse.
You see here a +0 chain mail.
A cane toad comes into view.
A cane toad is nearby!
A cane toad is nearby!
You shoot an arrow. The cane toad croaks.
The arrow hits the cane toad!!
The cane toad is heavily wounded.
You shoot an arrow. The arrow closely misses the cane toad.
No target in view!
A cane toad is nearby!
You shoot an arrow. The arrow hits the cane toad!!
You kill the cane toad!
Trog accepts your kill.
No target in view!
No target in view!
You see here a cane toad corpse.
You open the door.
There is an open door here.
You open the door.
There is an open door here.
You see here a yak skeleton.
You open the door.
There is an open door here.
There is an open door here.
There is an open door here.
Done exploring.
Done exploring.
No target in view!
Done exploring.
Done exploring.
You see here a polar bear skeleton.
Things that are here:
a yak skeleton; a yak skeleton
There is a stone staircase leading down here.
You climb downwards.
There is a stone staircase leading up here.
A yak comes into view.
The yak bellows!
A yak is nearby!
You shoot an arrow. The arrow hits the yak!!
The yak is heavily wounded.
You hear a bellow!
A yak comes into view.
You shoot an arrow. The arrow hits the yak!!!
You kill the yak!
Trog accepts your kill.
You shoot an arrow. The arrow hits the yak!!
The yak is heavily wounded.
You shoot an arrow. The arrow hits the yak!!
You kill the yak!
Trog accepts your kill.
A yak comes into view.
You shoot an arrow. The yak bellows!
The arrow hits the yak!
The yak is moderately wounded.
You shoot an arrow. The arrow hits the yak.
The yak is moderately wounded.
You shoot an arrow. The arrow hits the yak!!
You kill the yak!
Trog accepts your kill.
No target in view!
No target in view!
You see here a yak corpse.
A komodo dragon comes into view.
The komodo dragon hisses angrily.
The komodo dragon moves out of view.
No target in view!
Found a potion of curing.
A komodo dragon is nearby!
A komodo dragon is nearby!
You shoot an arrow.
The arrow hits the komodo dragon but does no damage.
You shoot an arrow.
The arrow barely misses the komodo dragon.
You shoot an arrow. The arrow hits the komodo dragon!
The komodo dragon is moderately wounded.
The komodo dragon bites you!!
You shoot an arrow.
The arrow closely misses the komodo dragon.
The komodo dragon bites you but does no damage.
The komodo dragon closely misses you.
The +9 battleaxe of the Eternal Void {god gift, flame, rPois} bursts into flame!
a - the +9 battleaxe of the Eternal Void (weapon)
{god gift, flame, rPois} You slash the komodo dragon!
You burn the komodo dragon.
The komodo dragon is severely wounded.
The komodo dragon bites you!
You are too injured to fight recklessly!
You are too injured to fight recklessly!
You are too injured to fight recklessly!
You hit the komodo dragon. You burn the komodo dragon.
The komodo dragon is severely wounded.
The komodo dragon bites you!
You hit the komodo dragon. You burn the komodo dragon.
The komodo dragon is almost dead.
The komodo dragon bites you!
* * * LOW HITPOINT WARNING * * *
You slice the komodo dragon!! You burn the komodo dragon.
You kill the komodo dragon!
Trog accepts your kill.
Your Ranged Weapons skill increases to level 14!
You start resting.
HP restored.
The +9 battleaxe of the Eternal Void {god gift, flame, rPois} stops flaming.
You feel stronger.
b - the +10 orcbow of the Nexus (weapon)
{heavy, Str+4}
X - 2 black potions (gained 1)
f - 4 potions of curing (gained 1)
Found 7 stones.
A cane toad comes into view.
The cane toad croaks.
A cane toad is nearby!
You shoot an arrow. The arrow closely misses the cane toad.
The cane toad stings you but does no damage. x2
The +9 battleaxe of the Eternal Void {god gift, flame, rPois} bursts into flame!
a - the +9 battleaxe of the Eternal Void (weapon)
{god gift, flame, rPois} You closely miss the cane toad.
The cane toad stings you!
You hit the cane toad. You burn the cane toad.
The cane toad is lightly wounded.
The cane toad stings you!
You slash the cane toad! You burn the cane toad!
The cane toad is severely wounded.
The cane toad misses you.
You closely miss the cane toad.
The cane toad is severely wounded.
The cane toad stings you but does no damage.
You slice the cane toad!! You burn the cane toad.
You kill the cane toad!
Trog accepts your kill.
No target in view!
The +9 battleaxe of the Eternal Void {god gift, flame, rPois} stops flaming.
You feel stronger.
b - the +10 orcbow of the Nexus (weapon)
{heavy, Str+4} You see here a cane toad corpse.
Found a short sword and 6 boomerangs.
Found a stone staircase leading up.
W - 2 puce potions A yak comes into view.
A yak is nearby!
A yak is nearby!
You shoot an arrow. The arrow hits the yak.
The yak is lightly wounded.
You shoot an arrow. The arrow hits the yak!
The yak is moderately wounded.
You shoot an arrow. The arrow hits the yak!!
The yak is almost dead.
You hear a bellow!
You shoot an arrow. The arrow hits the yak!
You kill the yak!
Trog accepts your kill.
No target in view!
A yak comes into view.
Found a sack of spiders.
The yak bellows!
You hear a bellow!
A yak comes into view.
You shoot an arrow. The arrow hits the yak!!
The yak is severely wounded.
A yak comes into view. x2
You shoot an arrow. The arrow barely misses the yak.
The yak bellows! x2
The arrow hits the yak!!
The yak is severely wounded.
You shoot an arrow. The arrow hits the yak.
The yak is severely wounded.
You shoot an arrow.
The arrow hits the yak but does no damage.
The yak is severely wounded.
The yak gores you.
A basilisk comes into view.
The +9 battleaxe of the Eternal Void {god gift, flame, rPois} bursts into flame!
a - the +9 battleaxe of the Eternal Void (weapon)
{god gift, flame, rPois} You slash the yak!
You burn the yak.
You kill the yak!
Trog accepts your kill.
You slice the yak!! You burn the yak.
You kill the yak!
Trog accepts your kill.
You hit the yak. You burn the yak.
The yak is lightly wounded.
The yak gores you but does no damage.
You slice the yak!! You burn the yak!
You kill the yak!
Trog accepts your kill.
You slash the yak! You burn the yak. The basilisk gazes at you.
You easily resist.
The yak barely misses you.
You slash the yak! You burn the yak.
The yak is severely wounded.
The yak gores you but does no damage.
You slash the yak! You burn the yak.
You kill the yak!
Trog accepts your kill. The basilisk gazes at you.
You easily resist.
The basilisk gazes at you.
You are slowing down.
You slice the basilisk!! You burn the basilisk.
The basilisk is heavily wounded.
The basilisk gazes at you.
You easily resist.
Your limbs are stiffening.
You completely miss the basilisk.
The basilisk is heavily wounded.
The basilisk bites you.
You have turned to stone.
The basilisk barely misses you.
The basilisk bites you but does no damage.
The basilisk bites you. x3
The basilisk bites you! The basilisk gazes at you.
You easily resist.
The basilisk bites you but does no damage.
The basilisk gazes at you.
You easily resist.
The basilisk hisses menacingly.
The basilisk bites you.
You turn to flesh and can move again.
Unknown command.
Unknown command.
Unknown command.
Unknown command.
Unknown command.
Unknown command.
Unknown command.
Unknown command.
Unknown command.
Unknown command.
You slice the basilisk!! You burn the basilisk.
You kill the basilisk!
Trog accepts your kill.
No target in view!
The +9 battleaxe of the Eternal Void {god gift, flame, rPois} stops flaming.
You feel stronger.
b - the +10 orcbow of the Nexus (weapon)
{heavy, Str+4} Marking area around an oklob plant as unsafe for travelling.
Found a transporter.
The yak bellows!
You hear a croak.
You hear an angry hiss.
The wolf howls!
You hear a croak.
The cane toad gives a loud, deep croak!
Gribnar's ghost turns its malevolent gaze towards you.
The four-headed hydra roars!
You hear a roar!
Your pack is full.
You see here a sack of spiders.
Your pack is full.
You see here a sack of spiders.
The four-headed hydra roars!
The yak bellows!
You hear an angry hiss.
The yak snorts and paws the ground.
The rime drake hisses angrily.
The komodo dragon hisses angrily.
The yak snorts and paws the ground.
The four-headed hydra roars!
You hear an angry hiss.
Found a transporter.
The water moccasin hisses angrily.
The bullfrog gives a loud, deep croak!
Found a stone staircase leading down.
A cane toad comes into view.
You shoot an arrow. The arrow hits the cane toad!
The cane toad is heavily wounded.
You shoot an arrow. The arrow barely misses the cane toad.
You shoot an arrow. The arrow hits the cane toad!!
The cane toad is almost dead.
You shoot an arrow. The arrow hits the cane toad!
You kill the cane toad!
Trog accepts your kill.
The +9 battleaxe of the Eternal Void {god gift, flame, rPois} bursts into flame!
a - the +9 battleaxe of the Eternal Void (weapon)
{god gift, flame, rPois} The +9 battleaxe of the Eternal Void {god gift, flame, rPois} stops flaming.
You feel stronger.
b - the +10 orcbow of the Nexus (weapon)
{heavy, Str+4} You see here a cane toad corpse.
There is a stone staircase leading down here.
Found a stone staircase leading down.
Found a quarterstaff.
An elephant comes into view.
The elephant trumpets!
A four-headed hydra comes into view.
You shoot an arrow. The four-headed hydra roars!
The arrow hits the elephant.
The elephant is lightly wounded.
You hear a trumpeting! x2
An elephant comes into view.
Fire: b) +10 orcbow of the Nexus {heavy, Str+4}
Press: ? - help, Q - select action, (/) - cycle Shift-Dir - straight line, f - four-headed hydra, p - elephant
Aim: a four-headed hydra (83% to hit)
You shoot an arrow.
The arrow barely misses the four-headed hydra.
Fire: b) +10 orcbow of the Nexus {heavy, Str+4}
Press: ? - help, Q - select action, (/) - cycle Shift-Dir - straight line, p - four-headed hydra
Okay, then.
An elephant is nearby!
An elephant is nearby!
There is a stone staircase leading down here.
The rime drake hisses angrily.
Found 6 stones.
Gribnar's ghost turns its malevolent gaze towards you.
You hear a loud, deep croak!
The four-headed hydra roars!
The water moccasin hisses angrily.
The cane toad gives a loud, deep croak!
The bullfrog croaks.
There is a transporter landing site here.
Found a glowing whip.
The catoblepas bellows!
You hear a bellow! x2
The bullfrog releases a deep croak.
The yak bellows!
There is a stone staircase leading up here.
You shoot an arrow. The arrow hits the elephant!
The elephant is lightly wounded.
You shoot an arrow. The arrow hits the elephant!!
The elephant is heavily wounded.
You shoot an arrow. The arrow hits the elephant!
The elephant is severely wounded.
The elephant barely misses you.
The elephant trunk-slaps you but does no damage.
The elephant tramples you but does no damage.
The elephant barely misses you.
You climb upwards.
There is a stone staircase leading down here.
You shoot an arrow. The arrow hits the elephant!
The elephant is almost dead.
The elephant tramples you but does no damage.
The elephant trunk-slaps you but does no damage.
You shoot an arrow. The arrow barely misses the elephant.
The elephant tramples you but does no damage.
The elephant trunk-slaps you but does no damage.
You shoot an arrow. The arrow hits the elephant!!
You kill the elephant!
Trog accepts your kill.
No target in view!
There is a stone staircase leading down here.
You climb downwards.
Level annotation: 2 transporters, exclusion: oklob plant, gribnar's ghost, journeyman CoHu The bullfrog croaks.
The elephant trumpets!
You hear a trumpeting!
You hear a bellow!
You hear a trumpeting!
The bullfrog snags a nearby mouse with its tongue.
You hear a bellow!
You hear a trumpeting! x2
Found a war axe.
There is a stone staircase leading up here.
You shoot an arrow. The arrow hits the bullfrog.
The bullfrog is moderately wounded.
You hear a bellow! x2
You shoot an arrow. The arrow hits the bullfrog!
The bullfrog is severely wounded.
The bullfrog hits you but does no damage.
The bullfrog completely misses you.
A death yak comes into view. x2
You shoot an arrow. The death yak bellows!
The arrow hits the bullfrog!
You kill the bullfrog!
Trog accepts your kill.
You hear a trumpeting!
You hear a bellow!
The +9 battleaxe of the Eternal Void {god gift, flame, rPois} bursts into flame!
a - the +9 battleaxe of the Eternal Void (weapon)
{god gift, flame, rPois} You slice the elephant!!
You burn the elephant!
The elephant is heavily wounded.
The elephant closely misses you.
The elephant trunk-slaps you but does no damage.
You slash the elephant! You burn the elephant.
The elephant is severely wounded.
You hit the death yak. You burn the death yak.
A death yak comes into view.
The elephant tramples you but does no damage.
The elephant trunk-slaps you but does no damage.
You completely miss the elephant.
The elephant is severely wounded.
You slash the death yak! You burn the death yak. The death yak gores you!
The elephant tramples you.
You hold your ground!
The elephant trunk-slaps you.
A red film seems to cover your vision as you go berserk!
You feel yourself moving faster!
You feel mighty! The death yak gores you!
The death yak gores you but does no damage.
The elephant tramples you!
You hold your ground!
The elephant trunk-slaps you but does no damage.
You slice the elephant!! You burn the elephant!
You kill the elephant!
Trog accepts your kill.
You hit the death yak but do no damage. You barely miss the death yak.
The death yak gores you! x2
A death yak comes into view.
You are too injured to fight recklessly!
You are too injured to fight recklessly!
You are too injured to fight recklessly!
You slash the death yak! You burn the death yak.
The death yak is heavily wounded.
You hit the death yak. You burn the death yak.
You completely miss the death yak.
The death yak is lightly wounded.
You slice the death yak!! You burn the death yak!
You feel the power of Trog in you as your rage grows.
You kill the death yak!
Trog accepts your kill.
The death yak gores you but does no damage.
You slash the death yak! You burn the death yak.
The death yak is moderately wounded.
You slash the death yak! You burn the death yak.
The death yak barely misses you.
The death yak gores you but does no damage.
You slice the death yak!! You burn the death yak.
The death yak is severely wounded.
You barely miss the death yak.
You hear a bellow!
You hear a trumpeting! x2
You slash the death yak! You burn the death yak.
The death yak is moderately wounded.
You barely miss the death yak. The death yak gores you!
* * * LOW HITPOINT WARNING * * *
The death yak gores you!
* * * LOW HITPOINT WARNING * * *
You slice the death yak!! You burn the death yak.
The death yak is severely wounded.
You slice the death yak!! You burn the death yak. You slice the death yak!!
You burn the death yak.
The death yak is almost dead.
You barely miss the death yak.
The death yak gores the fungus!
The fungus begins to die.
A death yak comes into view.
The death yak gores you!!
* * * LOW HITPOINT WARNING * * *
You slash the death yak! You burn the death yak.
You kill the death yak!
Trog accepts your kill.
You slash the death yak! You burn the death yak.
You kill the death yak!
Trog accepts your kill.
You slash the death yak! You burn the death yak.
The death yak is moderately wounded.
You slice the death yak!! You burn the death yak!
The death yak is heavily wounded.
The death yak gores you!
* * * LOW HITPOINT WARNING * * *
An elephant comes into view.
You barely miss the death yak.
The death yak is heavily wounded.
You slash the death yak! You burn the death yak.
You completely miss the death yak.
The death yak is moderately wounded.
You slice the death yak!! You burn the death yak. The death yak gores you.
* * * LOW HITPOINT WARNING * * *
The death yak gores you!
* * * LOW HITPOINT WARNING * * *
You slash the death yak! You burn the death yak.
You kill the death yak!
Trog accepts your kill.
You hit the death yak. You burn the death yak. The death yak gores you.
You die...

)..# ...##
....# #....##
##.......
#........
##.†......
#†@†..#
#..YY####....
##..P . #.##
#.# ##


You could see a death yak and an elephant.

Vanquished Creatures
  Fannar (Lair:1)
  Erica (Lair:1)
  2 two-headed ogres (D:11)
  A centaur warrior (D:13)
  4 death yaks (Lair:2)
  Urug (D:13)
  Nergalle (Lair:1)
  An arcanist (D:13)
  A necromancer (IceCv)
  3 deep elf pyromancers
  An ugly thing (D:13)
  3 manticores
  2 cyclopes
  An ice statue (IceCv)
  2 elephants
  A black mamba (Lair:1)
  9 cane toads
  An unseen horror (D:11)
  A rime drake (D:9)
  A komodo dragon (Lair:2)
  A tengu conjurer (D:13)
  7 freezing wraiths (IceCv)
  2 anaconda simulacra (IceCv)
  A troll (D:11)
  10 ice devils (IceCv)
  Prince Ribbit (D:6)
  2 polar bears
  A glass eye (Bailey)
  3 slime creatures (D:12)
  2 wraiths
  37 yaks
  A dire elephant simulacrum (IceCv)
  A vampire (D:12)
  A wyvern (D:10)
  3 basilisks
  5 death yak simulacra (IceCv)
  A steam dragon (D:8)
  2 harpy simulacra (IceCv)
  2 vampire mosquitoes (D:12)
  3 acid dragons
  4 water moccasins (Lair:1)
  7 orc warriors
  A sky beast (D:7)
  6 ice beasts
  A swamp drake (D:12)
  8 wolves
  4 centaurs
  A kobold brigand (D:9)
  2 gnoll sergeants
  5 bullfrogs
  3 scorpions
  4 cane toad simulacra (IceCv)
  A two-headed ogre simulacrum (IceCv)
  15 wights
  A killer bee (D:9)
  3 elephant simulacra (IceCv)
  2 howler monkeys
  2 bombardier beetles
  2 jellies
  4 hounds
  11 orc priests
  4 iguanas
  15 orc wizards
  Natasha (thrice) (D:2)
  6 polar bear simulacra
  2 troll simulacra (IceCv)
  5 wolf simulacra
  Robin (D:3)
  7 adders
  13 gnolls
  2 naga simulacra (IceCv)
  A shadow imp (D:8)
  3 white imps
  4 ufetubi
  2 dart slugs (D:3)
  2 ribbon worms
  44 orcs
  12 endoplasms
  5 giant cockroaches
  20 goblins
  4 hobgoblins
  5 jackals
  5 quokkas
  4 ball pythons
  5 bats
  6 frilled lizards
  7 kobolds
  4 rats
  A spectral goblin (D:7)
403 creatures vanquished.

Vanquished Creatures (collateral kills)
  A bullfrog (Lair:1)
1 creature vanquished.

Vanquished Creatures (others)
  An orc (D:3)
1 creature vanquished.

Grand Total: 405 creatures vanquished

Notes
Turn   | Place    | Note
-------+----------+-------------------------------------------
     0 | D:1      | sleeves the Mountain Dwarf Berserker began the quest for
                  | the Orb.
     0 | D:1      | Reached XP level 1. HP: 19/19 MP: 1/1
    92 | D:1      | Reached skill level 4 in Axes
   214 | D:1      | Reached XP level 2. HP: 21/26 MP: 2/2
   716 | D:2      | Reached skill level 5 in Axes
   716 | D:2      | Reached XP level 3. HP: 31/31 MP: 3/3
   717 | D:2      | Reached ** piety under Trog
  1243 | D:2      | HP: 15/31 [acid (5)]
  1244 | D:2      | HP: 2/31 [acid (8)]
  1246 | D:2      | Reached skill level 3 in Armour
  1246 | D:2      | Reached XP level 4. HP: 3/38 MP: 4/4
  1561 | D:2      | Found a faded altar of an unknown god.
  1586 | D:2      | Noticed Natasha
  1601 | D:2      | Killed Natasha
  1974 | D:2      | Noticed Natasha
  1984 | D:2      | HP: 17/38 [Natasha/magic dart (4)]
  1987 | D:2      | Killed Natasha
  2040 | D:2      | Noticed Natasha
  2049 | D:2      | Killed Natasha
  2050 | D:2      | Reached skill level 6 in Axes
  2050 | D:2      | Reached XP level 5. HP: 38/45 MP: 5/5
  2127 | D:3      | Reached skill level 4 in Armour
  2214 | D:2      | HP: 22/45 [orc/+1 dagger of protection (2)]
  2355 | D:3      | Noticed Robin
  2456 | D:2      | Reached *** piety under Trog
  2565 | D:3      | Killed Robin
  2652 | D:3      | Reached XP level 6. HP: 40/51 MP: 6/6
  2731 | D:2      | Reached skill level 5 in Armour
  2901 | D:3      | Reached skill level 7 in Axes
  3396 | D:4      | Found a staircase to the Ecumenical Temple.
  3564 | D:4      | Reached XP level 7. HP: 57/57 MP: 7/7
  4251 | D:5      | Entered Level 5 of the Dungeon
  4261 | D:5      | Reached skill level 6 in Armour
  4311 | D:5      | HP: 28/57 [burnt (6)]
  4490 | D:5      | Identified the +10 orcbow of the Nexus {heavy, Str+4}
  4530 | D:5      | Reached **** piety under Trog
  4589 | D:5      | Reached skill level 8 in Axes
  4679 | D:5      | Reached skill level 1 in Ranged Weapons
  4926 | D:5      | Found a shimmering blue altar of Sif Muna.
  5223 | D:6      | Found a sparkling altar of Nemelex Xobeh.
  5271 | D:6      | Reached skill level 2 in Ranged Weapons
  5271 | D:6      | Reached XP level 8. HP: 54/63 MP: 8/8
  5322 | D:6      | Reached skill level 7 in Armour
  5395 | D:6      | Reached skill level 9 in Axes
  5567 | D:6      | Identified the ring of Netoet {Ice SInv}
  5687 | D:6      | Noticed Prince Ribbit
  5709 | D:6      | Killed Prince Ribbit
  5710 | D:6      | Reached skill level 3 in Ranged Weapons
  6025 | D:7      | Found Urunuul's General Store.
  6275 | D:7      | Reached skill level 8 in Armour
  6365 | D:7      | Found a stormy altar of Qazlal.
  6764 | D:7      | Found a hazy altar of Hepliaklqana.
  6897 | D:8      | Reached skill level 10 in Axes
  6920 | D:8      | Reached XP level 9. HP: 45/70 MP: 9/9
  6931 | D:8      | HP: 31/70 [orc priest/divine providence (10)]
  6937 | D:8      | Reached skill level 4 in Ranged Weapons
  7131 | D:8      | HP: 48/105 [gnoll/+2 whip of freezing[a gnoll sergeant]
                  | (6)]
  7136 | D:8      | HP: 48/105 [gnoll sergeant/+0 trident (1)]
  7337 | D:8      | Found Baph's Distillery.
  7413 | D:8      | Found a flagged portal.
  7423 | Bailey   | Entered a bailey
  7459 | Bailey   | HP: 27/70 [orc warrior/+0 glaive (13)]
  7463 | Bailey   | Noticed an orc knight
  7465 | Bailey   | HP: 15/105 [orc knight/+0 halberd (6)]
  7508 | Bailey   | an orc knight changed into a glass eye
  7523 | Bailey   | Reached skill level 9 in Armour
  7545 | Bailey   | HP: 34/70 [orc warrior/+0 spear (4)]
  7546 | Bailey   | Reached ***** piety under Trog
  7722 | Bailey   | Found a large runed translucent door.
  7722 | Bailey   | Found a large runed translucent door.
  7723 | Bailey   | Noticed a deep elf pyromancer
  7724 | Bailey   | Found the +3 salamander hide armour {Flames, rFlCloud rF++
                  | rC--}
  7737 | Bailey   | Killed a deep elf pyromancer
  7738 | Bailey   | Reached skill level 11 in Axes
  7738 | Bailey   | Reached skill level 5 in Ranged Weapons
  7970 | D:8      | You fall into a shaft and drop 3 floors!
  7978 | D:11     | Noticed a manticore
  8053 | D:11     | Noticed a manticore
  8065 | D:11     | Killed a manticore
  8122 | D:10     | Entered Level 10 of the Dungeon
  8161 | D:10     | Reached XP level 10. HP: 77/77 MP: 10/10
  8266 | D:9      | Reached skill level 10 in Armour
  8267 | D:9      | HP: 37/77 [orc warrior/+0 trident (7)]
  8269 | D:9      | Reached skill level 6 in Ranged Weapons
  8278 | D:9      | Reached skill level 12 in Axes
  8479 | D:9      | Found a staircase to the Lair.
  8632 | D:8      | Reached skill level 7 in Ranged Weapons
  8887 | D:8      | Bought 2 potions of heal wounds for 110 gold pieces
  9014 | D:9      | Found a runed translucent door.
  9014 | D:9      | Noticed a cyclops
  9014 | D:9      | Noticed Scrunko's ghost (novice CoBr)
  9145 | D:9      | Reached skill level 13 in Axes
  9145 | D:9      | Found a staircase to the Orcish Mines.
  9159 | D:9      | Found a roughly hewn altar of Beogh.
  9494 | D:10     | HP: 32/77 [orc priest/divine providence (13)]
  9502 | D:10     | Found a shadowy altar of Dithmenos.
  9721 | D:10     | Reached XP level 11. HP: 65/82 MP: 11/11
  9798 | D:10     | Reached skill level 8 in Ranged Weapons
 10329 | D:11     | Noticed a two-headed ogre
 10337 | D:11     | HP: 26/82 [two-headed ogre/+0 giant club (19)]
 10375 | D:11     | Killed a two-headed ogre
 10376 | D:11     | Reached skill level 14 in Axes
 10550 | D:11     | Found Foank's Book Shop.
 10550 | D:11     | Noticed a walking earthen tome
 10603 | D:11     | Noticed a walking earthen tome
 10719 | D:11     | Noticed a two-headed ogre
 10726 | D:11     | Killed a two-headed ogre
 10954 | D:11     | Found a runed translucent gate.
 10955 | D:11     | Found a runed translucent gate.
 10955 | D:11     | Found a runed translucent gate.
 10956 | D:11     | Noticed growler's ghost (journeyman CoAr)
 10956 | D:11     | Noticed ezpacito's ghost (journeyman CoCK)
 10956 | D:11     | Noticed backslashecho's ghost (journeyman CoBe)
 10956 | D:11     | Noticed Uczu's ghost (novice NaFi)
 11153 | D:12     | Identified the +3 executioner's axe of Supply {god gift,
                  | flame, *Corrode Will+ Str+3} (Trog gifted it to you on
                  | level 12 of the Dungeon)
 11153 | D:12     | Received a gift from Trog
 11256 | D:12     | Reached skill level 9 in Ranged Weapons
 11362 | D:12     | HP: 33/82 [acid dragon/splash of acid (18)]
 11514 | D:12     | Noticed a deep elf pyromancer
 11561 | D:12     | Killed a deep elf pyromancer
 11562 | D:12     | Reached skill level 15 in Axes
 12320 | D:12     | Identified the ring of Lust {Fire Will++}
 12475 | D:13     | Noticed a brown ugly thing
 12479 | D:13     | Noticed an arcanist
 12481 | D:13     | Killed a brown ugly thing
 12486 | D:13     | Killed an arcanist
 12575 | D:13     | Noticed a centaur warrior
 12579 | D:13     | Killed a centaur warrior
 12954 | D:13     | Found a gate to the Vaults.
 12957 | D:13     | Reached XP level 12. HP: 81/89 MP: 12/12
 13000 | D:13     | Reached skill level 10 in Ranged Weapons
 13175 | D:13     | Reached skill level 16 in Axes
 13280 | D:13     | Noticed Urug
 13283 | D:13     | Found a portal to a secret trove of treasure.
 13286 | D:13     | HP: 57/133 [Urug/+0 great sword of electrocution (21)]
 13291 | D:13     | Killed Urug
 13583 | Lair:1   | Entered Level 1 of the Lair of Beasts
 13686 | Lair:1   | Noticed Erica
 13694 | Lair:1   | Killed Erica
 13695 | Lair:1   | Reached skill level 11 in Ranged Weapons
 13806 | Lair:1   | Noticed Nergalle
 13817 | Lair:1   | Killed Nergalle
 13857 | Lair:1   | Noticed Fannar
 13949 | Lair:1   | Killed Fannar
 13950 | Lair:1   | Reached skill level 12 in Ranged Weapons
 14206 | Lair:1   | HP: 40/89 [black mamba (11)]
 14212 | Lair:1   | HP: 40/89 [wolf (2)]
 14213 | Lair:1   | Identified the +9 battleaxe of the Eternal Void {god gift,
                  | flame, rPois} (Trog gifted it to you on level 1 of the Lair
                  | of Beasts)
 14213 | Lair:1   | Received a gift from Trog
 14258 | Lair:1   | Found a frozen archway.
 14263 | Lair:1   | HP: 43/89 [polar bear simulacrum (5)]
 14275 | IceCv    | Entered an ice cave
 14787 | IceCv    | HP: 38/89 [ice devil (9)]
 15006 | IceCv    | Found an ancient bone altar of Kikubaaqudgha.
 15023 | IceCv    | Reached skill level 13 in Ranged Weapons
 15027 | IceCv    | HP: 65/133 [freezing wraith (4)]
 15029 | IceCv    | Reached XP level 13. HP: 68/94 MP: 13/13
 15609 | IceCv    | HP: 44/94 [??? (42)]
 16262 | Lair:1   | Received a gift from Trog
 16561 | Lair:2   | HP: 42/94 [komodo dragon (10)]
 16563 | Lair:2   | Reached skill level 14 in Ranged Weapons
 16992 | Lair:2   | Found a transporter.
 16995 | Lair:2   | Noticed gribnar's ghost (journeyman CoHu)
 17049 | Lair:2   | Found a transporter.
 17211 | Lair:2   | HP: 61/141 [death yak (12)]
 17216 | Lair:2   | HP: 21/141 [death yak (16)]
 17218 | Lair:2   | HP: 1/141 [death yak (17)]
 17219 | Lair:2   | Slain by a death yak

Illustrated notes

Levels and vault maps discovered:
D:1:      dpeg_arrival_rooms_with_view, layout_basic,
          chequers_serial_rivers_micro_e, minmay_tripent
D:2:      layout_basic, shapermc_ecumenical_altar_mp_urbaneastern,
          chequers_serial_rivers_room_b, hangedman_decor_push, uniq_natasha
D:3:      layout_rooms, minmay_vboxes, uniq_robin
D:4:      layout_rooms, minmay_temple_entry_poolview, serial_co_window_serial,
          co_window_cross_1, co_window_of_opportunity_a, co_window_corner_a,
          co_window_corner_a, co_window_cross_1, co_window_of_opportunity_a,
          co_window_2corner, co_window_2corner, co_window_broadway_b,
          co_window_broadway_a, co_window_corner_b, glass_columns_a,
          glass_columns_c, minivault_14, minmay_misc_feat_diagonals
D:5:      layout_loops_ring, led_sif_pool, due_unseen_surprise
D:6:      layout_loops_ring, nemelex_xobeh_ov_fountains_minmay,
          uniq_prince_ribbit1
D:7:      layout_basic, lemuel_coloured_pillars_altar,
          nicolae_hepliaklqana_monster_ancestors, serial_shops,
          nicolae_square_shop, corexii_hall_statues_i
D:8:      layout_loops_cross, serial_shops, shop, enter_bailey_2,
          serial_bayou_pond_a, grunt_ministairs_7
D:9:      layout_basic, hellmonk_lair_entry_icy, minmay_orc_entry_temple_small,
          ebering_ghost_inner_flame, st_stairs_4
D:10:     layout_small_grid, nicolae_dithmenos_through_a_glass_darkly
D:11:     layout_roguey, gammafunk_ghost_cemetery, serial_shops,
          nicolae_shop_mannequins
D:12:     layout_grid_maze, pond
D:13:     layout_big_octagon, nicolae_trove_entry_crossroad, uniq_urug
Lair:1:   layout_regular_city, portal_ice_cave_entry_ice_simulacra,
          columned_hall_lemuel, uniq_fannar, uniq_erica, uniq_nergalle
Lair:2:   layout_layer_cave, nzn_ghost_randoct

Skill      XL: |  1  2  3  4  5  6  7  8  9 10 11 12 13 |
---------------+----------------------------------------+-----
Axes           | 4 5 6 7 8 10 11 13 15 16 | 16.0
Armour         | 3 4 5 6 8 9 10 | 10.0
Ranged Weapons | 2 3 5 7 9 13 14 | 14.5
Fighting       | |  3.2
Dodging        | |  1.3

Action                     |  1- 3 |  4- 6 |  7- 9 | 10-12 | 13-15 || total
---------------------------+-------+-------+-------+-------+-------++-------
  Melee: Hand axe          |   109 |   238 |     1 |       |       ||   348
         War axe           |       |       |   277 |   249 |       ||   526
         Battleaxe         |       |       |       |    62 |    82 ||   144
   Fire: Orcbow            |       |       |       |     9 |   113 ||   122
  Throw: Dart              |       |       |     8 |    15 |       ||    23
 Invoke: Berserk           |       |       |     4 |     3 |     1 ||     8
  Evoke: Wand              |       |       |     5 |     2 |       ||     7
    Use: Potion            |       |     1 |       |       |       ||     1
         Scroll            |       |       |     1 |     6 |       ||     7
 Armour: Plate armour      |    59 |       |   222 |       |       ||   281
         Animal skin       |    11 |       |       |       |       ||    11
         Chain mail        |     7 |   228 |    10 |   115 |       ||   360
         Leather armour    |       |       |     7 |   165 |       ||   172
         Scale mail        |       |       |       |    20 |   128 ||   148
  Dodge: Dodged            |    35 |    93 |   103 |   137 |    43 ||   411
  Block: Buckler           |       |       |     1 |    69 |       ||    70

Table legend: (Time is in decaauts)
 A = Elapsed time spent in this place.
 B = Non-inter-level travel time spent in this place.
 C = Inter-level travel time spent in this place.
 D = Time resting spent in this place.
 E = Time spent auto-exploring this place.
 F = Levels seen in this place.
 G = Mean time per level.
                   A        B        C        D        E       F      G
               +--------+--------+--------+--------+--------+-----+--------+
         Total |  17278 |  15948 |   1330 |   3121 |   9685 |  17 | 1016.4 |
       Dungeon |  13195 |  12214 |    981 |   1811 |   8562 |  13 | 1015.0 |
          Lair |   1741 |   1392 |    349 |    227 |    710 |   2 |  870.5 |
        Bailey |    457 |    457 |      0 |    154 |     66 |   1 |  457.0 |
      Ice Cave |   1884 |   1884 |      0 |    928 |    347 |   1 | 1884.0 |
               +--------+--------+--------+--------+--------+-----+--------+

Top non-repeatable levels by time:
     D:2: 2075 daAuts
   IceCv: 1884 daAuts
    D:11: 1298 daAuts
    D:12: 1249 daAuts
  Lair:1: 1054 daAuts
     D:8: 991 daAuts
    D:13: 971 daAuts
     D:9: 969 daAuts
     D:7: 966 daAuts
     D:5: 916 daAuts
     D:4: 916 daAuts
    D:10: 784 daAuts
     D:6: 778 daAuts
  Lair:2: 687 daAuts
     D:3: 653 daAuts
